 Dungeon Crawl Stone Soup version 0.30.0-21-gd299b56b3f (webtiles) character file.

Game seed: 1723612420532000985

55 qw the Chopper (level 3, -3/23 HPs)
             Began as a Gargoyle Fighter on June 2, 2023.
             Slain by an orc
             ... wielding a +0 flail
              (5 damage)
             ... on level 3 of the Dungeon.
             The game lasted 00:00:57 (1731 turns).

qw the Chopper (Gargoyle Fighter)                   Turns: 1731, Time: 00:00:57

Health: -3/23      AC: 16    Str: 21    XL:     3   Next: 93%
Magic:  3/3        EV:  5    Int:  8    God:
Gold:   159        SH:  0    Dex:  9    Spells: 2/2 levels left

rFire   . . .        Y - +0 war axe
rCold   . . .        c - +0 buckler
rNeg    + . .        k - +0 plate armour
rPois   inf          n - +1 helmet
rElec   +            (no cloak)
rCorr   .            (no gloves)
SInv    .            (no boots)
Will    .....        (no amulet) Stlth
                     (no ring)
HPRegen 0.23/turn    (no ring)
MPRegen 0.08/turn

%: no passive effects
@: confused
A: sickness immunity, AC +3, negative energy resistance 1, electricity
resistance, torment resistance 1, petrification resistance
a: no special abilities


You were on level 3 of the Dungeon.
You visited 1 branch of the dungeon, and saw 3 of its levels.

You collected 159 gold pieces.


Innate Abilities, Weirdness & Mutations

You are immune to sickness and miasma.
Your stone body is resilient. (AC +3)
You are immune to poison.
You resist negative energy. (rN+)
You are resistant to electric shocks. (rElec)
You are resistant to unholy torment.
You are immune to petrification.


   Skills:
 - Level 3.2 Fighting
 + Level 3.7 Axes
 - Level 3.2 Armour
 - Level 3.2 Shields


You had 2 spell levels left.
You didn't know any spells.
Your spell library was empty.

Inventory:

Hand Weapons
 q - a +0 flail
 Y - a +0 war axe (weapon)
Armour
 c - a +0 buckler (worn)
 k - a +0 plate armour (worn)
 n - a +1 helmet (worn)
Scrolls
 l - a scroll of teleportation
Potions
 d - 2 potions of might
 e - a potion of lignification {unknown}
 g - a potion of invisibility {unknown}
 h - a potion of degeneration {unknown}
 i - a potion of heal wounds {unknown}
 j - a potion of resistance
 o - a potion of curing {unknown}
 p - a potion of magic {unknown}

Dungeon Overview and Level Annotations

Branches:
Dungeon (3/15)

Altars:
Cheibriados


Message History

You kill the frilled lizard!
You see here a frilled lizard corpse.
Found a hand axe.
You see here a +0 hand axe.
An orc and an orc wizard come into view.
The orc shouts!
The orc wizard shouts!
You hear a shout!
The orc moves out of view.
An orc wizard comes into view. It is wielding a +0 dagger.
The orc wizard shouts!
The orc wizard gestures at you while chanting.
The magic dart hits you but does no damage.
An orc comes into view. It is wielding a +0 flail.
The orc wizard mumbles some strange words.
The orc wizard flickers and vanishes!
Deactivating autopickup; reactivate with Ctrl-A.
The orc wizard gestures at you while chanting.
You are confused.
The orc hits you with a +0 club. The orc wizard barely misses you.
The orc wizard gestures at you while chanting.
You are more confused.
The orc hits you but does no damage. The orc hits you with a +0 flail.
The orc wizard hits you but does no damage.
The orc hits you but does no damage.
The orc wizard hits you but does no damage.
Something hits you but does no damage.
The orc wizard hits you with a +0 dagger.
The orc hits you with a +0 club.
The orc wizard hits you but does no damage.
Something hits you but does no damage. The orc hits you but does no damage.
The orc hits you with a +0 flail. Something hits you but does no damage.
The orc wizard hits you but does no damage.
The orc closely misses you. The orc completely misses you.
The orc wizard hits you but does no damage.
Something hits you. The orc hits you but does no damage.
The orc hits you with a +0 flail.
The orc wizard hits you but does no damage.
Something hits you but does no damage. The orc hits you with a +0 flail.
You die...

#.# #.# #.####...#.# #.#
#.# ........##.# #.# #.#
#.####..<#.# #########.#
#.# #.#.# .......%..#
#.# #.#.# ###########
#.# #.#.# ...
.....####.#######.#
#.#.# ###
#........o...... ...).
#......o@# .....
##.###.#o{...... ###
#########...##.#..#.####
............##.#..# #
#########...##.....
######.#.... #.#.####
....#


You could see an orc wizard and 2 orcs.

Vanquished Creatures
  An adder (D:2)
  A dart slug (D:1)
  4 ball pythons
  2 endoplasms
  5 goblins
  7 hobgoblins
  3 quokkas
  6 bats
  6 frilled lizards
  3 kobolds (D:1)
  8 rats
46 creatures vanquished.

Notes
Turn   | Place    | Note
-------+----------+-------------------------------------------
     0 | D:1      | qw the Gargoyle Fighter began the quest for the Orb.
     0 | D:1      | Reached XP level 1. HP: 14/14 MP: 1/1
     0 | D:1      | 0 ||| qw: Version: 0.2-a-102-gdf20003
     0 | D:1      | 0 ||| qw: Game counter: 872
     0 | D:1      | 0 ||| qw: Always use a shield: true
     0 | D:1      | 0 ||| qw: God list: Okawaru
     0 | D:1      | 0 ||| qw: Allow faded altars: false
     0 | D:1      | 0 ||| qw: Do Orc after D:15 true
     0 | D:1      | 0 ||| qw: Do second Lair branch before Depths: true
     0 | D:1      | 0 ||| qw: Lair rune preference: random
     0 | D:1      | 0 ||| qw: Plans: Normal, Zot:1-4, Slime:5, God:TSO, Crypt,
                  | Tomb, Pan, Hells, Abyss, Win
     0 | D:1      | 0 ||| PLANNING D:1-11
   166 | D:1      | Reached XP level 2. HP: 19/19 MP: 2/2
   196 | D:1      | 196 ||| Stepping ~*~*~tactically~*~*~ (stealth).
   205 | D:1      | 205 ||| FLEEEEING.
   206 | D:1      | 206 ||| FLEEEEING.
   207 | D:1      | 207 ||| FLEEEEING.
   208 | D:1      | 208 ||| FLEEEEING.
   209 | D:1      | 209 ||| FLEEEEING.
   307 | D:1      | Reached skill level 3 in Axes
   391 | D:1      | 391 ||| Stepping ~*~*~tactically~*~*~ (hiding).
   394 | D:1      | 394 ||| Stepping ~*~*~tactically~*~*~ (hiding).
   397 | D:1      | 397 ||| Stepping ~*~*~tactically~*~*~ (hiding).
   398 | D:1      | 398 ||| Stepping ~*~*~tactically~*~*~ (hiding).
   406 | D:1      | Reached XP level 3. HP: 23/23 MP: 3/3
   513 | D:1      | 513 ||| Stepping ~*~*~tactically~*~*~ (stealth).
   514 | D:1      | 514 ||| Stepping ~*~*~tactically~*~*~ (stealth).
   846 | D:1      | 846 ||| READING scroll labelled WIBEACH TYUBBO.
   847 | D:1      | 847 ||| DRINKING 4 emerald potions.
   848 | D:1      | 848 ||| DROPPING 3 potions of brilliance.
   938 | D:2      | 938 ||| Stepping ~*~*~tactically~*~*~ (stealth).
   939 | D:2      | 939 ||| Stepping ~*~*~tactically~*~*~ (stealth).
  1232 | D:2      | Found a snail-covered altar of Cheibriados.
  1247 | D:2      | 1247 ||| DROPPING +0 mace.
  1552 | D:2      | 1552 ||| UPGRADING to +0 plate armour.
  1562 | D:2      | 1562 ||| DROPPING +0 scale mail.
  1563 | D:2      | 1563 ||| UPGRADING to +1 helmet.
  1568 | D:2      | 1568 ||| READING scroll labelled PEICEAKOXE.
  1569 | D:2      | 1569 ||| READING 2 scrolls labelled SUANYUCVAE.
  1574 | D:2      | 1574 ||| READING scroll labelled YVOIHO AG VYGU.
  1589 | D:2      | 1589 ||| DRINKING 2 bubbling silvery potions.
  1730 | D:3      | HP: 2/23 [orc/+0 flail (4)]
  1731 | D:3      | Slain by an orc

Levels and vault maps discovered:
D:1:      minmay_arrival_jagged, layout_basic, roderic_lattice_a,
          minmay_tiny_reverse_x
D:2:      layout_basic, basic_altar
D:3:      layout_loops_ring, nicolae_wu_jian_immortal_techniques

Skill      XL: |  1  2 |
---------------+-------+-----
Axes           | 2 3 |  3.7
Fighting       | |  3.2
Armour         | |  3.2
Shields        | |  3.2

Action                     || total
---------------------------++-------
  Melee: War axe           ||   116
    Use: Scroll            ||     4
         Potion            ||     2
 Armour: Scale mail        ||    40
         Plate armour      ||    18
  Dodge: Dodged            ||    49
  Block: Buckler           ||    17

Table legend:
 A = Non-vault XP
 B = Vault XP
 C = Vault XP percentage of total XP
 D = Non-vault monster count
 E = Vault monster count
 F = Vault count percentage of total count
                 A         B        C        D         E       F
            +---------+---------+-------+---------+---------+-------
      Total |      77 |       2 |   2.5 |      44 |       2 |   4.3
            +---------+---------+-------+---------+---------+-------
        D:1 |      47 |       2 |   4.1 |      30 |       2 |   6.2
        D:2 |      23 |       0 |   0.0 |       8 |       0 |   0.0
        D:3 |       7 |       0 |   0.0 |       6 |       0 |   0.0
            +---------+---------+-------+---------+---------+-------
